 Dungeon Crawl Stone Soup version 0.21-a0-286-g6fcecc0 (webtiles) character file.

79 tidbits the Insei (level 4, -3/38 HPs)
             Began as a Draconian Monk on Sept 27, 2017.
             Slain by a phantom (5 damage)
             ... on level 6 of the Dungeon.
             The game lasted 00:03:37 (644 turns).

tidbits the Insei (Draconian Monk)                   Turns: 644, Time: 00:03:38

Health: -3/38      AC:  5    Str: 13    XL:     4   Next: 17%
Magic:  4/4        EV: 13    Int: 12    God:
Gold:   43         SH:  0    Dex: 13    Spells: 3/3 levels left

rFire    . . .     SeeInvis .     - Unarmed
rCold    . . .     Gourm    .   (no shield)
rNeg     . . .     Faith    .   (armour unavailable)
rPois    .         Spirit   .   (helmet restricted)
rElec    .         Reflect  .   (no cloak)
rCorr    .         Harm     .   (no gloves)
MR       .....                  (no boots)
Stlth    ++........             (no amulet)
HPRegen  0.12/turn              (no ring)
MPRegen  0.09/turn              (no ring)

@: about to teleport
A: unfitting armour, cold-blooded, AC +5
a: no special abilities


You were on level 6 of the Dungeon.
You were not hungry.

You visited 1 branch of the dungeon, and saw 6 of its levels.

You collected 43 gold pieces.

Inventory:

Missiles
 h - 18 arrows
 i - 12 stones (quivered)
Armour
 f - a +0 large shield
Scrolls
 b - a scroll of recharging {unknown}
 c - a scroll of identify
 e - a scroll of teleportation
 g - a scroll of enchant armour {unknown}
Comestibles
 a - 2 bread rations
 d - 2 meat rations


   Skills:
 - Level 3.2 Fighting
 - Level 2.6 Dodging
 - Level 1.7 Stealth
 + Level 5.0 Unarmed Combat


You had 3 spell levels left.
You didn't know any spells.

Dungeon Overview and Level Annotations

Branches:
Dungeon (6/15)
 Temple: D:4-7

Altars:
Nemelex Xobeh

Shops:
D:5 }

Annotations:
D:3 p0werm0de's ghost, weakling DsFE


Innate Abilities, Weirdness & Mutations

Your plain brown scales are hard. (AC +5)
You cannot fit into any form of body armour.
You are cold-blooded and may be slowed by cold attacks.


Message History

The shadow imp gestures at you. Pain shoots through your body!
* * * LOW HITPOINT WARNING * * *
You closely miss the shadow imp.
The shadow imp is almost dead.
The shadow imp gestures at you.
You barely resist.
You hit the shadow imp but do no damage.
The shadow imp is almost dead.
The shadow imp hits you but does no damage.
A gnoll comes into view. It is wielding a halberd.
You closely miss the shadow imp.
The shadow imp is almost dead.
You hear the slow hiss of a distant avalanche of sand.
The shadow imp misses you.
The gnoll moves out of view.
You hit the shadow imp.
You kill the shadow imp!
Your Unarmed Combat skill increases to level 5!
You miss the leopard gecko.
Your tail-slap misses the leopard gecko.
The leopard gecko bites you.
* * * LOW HITPOINT WARNING * * *
You hit the leopard gecko.
The leopard gecko is lightly wounded.
The leopard gecko closely misses you.
You hit the leopard gecko.
The leopard gecko is moderately wounded.
The leopard gecko misses you.
You barely miss the leopard gecko.
The leopard gecko is moderately wounded.
The leopard gecko misses you.
You closely miss the leopard gecko.
The leopard gecko is moderately wounded.
The leopard gecko barely misses you. The leopard gecko closely misses you.
A gnoll comes into view. It is wielding a whip.
You barely miss the leopard gecko.
Your tail-slap misses the leopard gecko.
You punch the leopard gecko.
The leopard gecko is heavily wounded.
The leopard gecko bites you but does no damage.
You hit the leopard gecko.
Your tail-slap misses the leopard gecko.
The leopard gecko is almost dead.
The leopard gecko bites you.
* * * LOW HITPOINT WARNING * * *
You barely miss the leopard gecko.
The leopard gecko is almost dead.
The leopard gecko bites you.
* * * LOW HITPOINT WARNING * * *
You miss the leopard gecko.
The leopard gecko is almost dead.
The leopard gecko closely misses you.
You barely miss the leopard gecko.
The leopard gecko is almost dead.
The leopard gecko barely misses you.
You barely miss the leopard gecko.
Your tail-slap misses the leopard gecko.
The leopard gecko is almost dead.
The leopard gecko misses you.
You hit the leopard gecko.
You kill the leopard gecko!
Found 13 gold pieces.
Found an escape hatch in the ceiling.
Found 9 gold pieces.
Found a stone staircase leading down.
You see here 9 gold pieces.
You now have 30 gold pieces (gained 9).
You see here 13 gold pieces.
You now have 43 gold pieces (gained 13).
There is a stone staircase leading down here.
You climb downwards.
You hear the sound of rushing water.
There is an entrance to a sewer on this level.
Hurry and find it before the portal rusts away!
A gnoll, an orc and a phantom come into view.
The orc shouts!
The gnoll shouts!
Found a bread ration.
Found a stone staircase leading down.
There is a stone staircase leading up here.
A gnoll comes into view. It is wielding a flail.
The gnoll shouts!
You hear a shout!
The phantom blinks!
Found 11 gold pieces.
A gnoll comes into view. It is wielding an enchanted flail.
You closely miss the phantom.
The orc throws a tomahawk.
The tomahawk hits you but does no damage.
The gnoll hits you with a flail!
* * * LOW HITPOINT WARNING * * *
You aren't carrying any potions.
Unknown command.
Okay, then.
The phantom blinks!
You miss the phantom.
Your tail-slap misses the phantom.
The phantom hits you.
* * * LOW HITPOINT WARNING * * *
The phantom blinks!
As you read the scroll labeled WELLEL QUIZ, it crumbles to dust.
It is a scroll of identify.
e - 2 scrolls of teleportation The gnoll barely misses you.
As you read the scroll of teleportation, it crumbles to dust.
You feel strangely unstable. The phantom hits you.
You die...

#.###.g.# #. ..
#..#.... #. ##
#....#.#### ..#/
+.##.#..... .##
#.##.(.#### ..
#..g..<.... #.
#..........
#W#######......####
#.@g.gg.o.#....>...
###########.#.#####
#..%# #$.## #..#
#..# ..#


You could see a phantom, 3 gnolls and an orc.

Vanquished Creatures
  An orc priest (D:4)
  A hound zombie (D:5)
  A shadow imp (D:5)
  A dart slug (D:1)
  3 leopard geckos
  4 giant cockroaches
  A goblin (D:1)
  3 hobgoblins
  3 bats (D:1)
  2 frilled lizards
  2 kobolds
  5 rats (D:1)
27 creatures vanquished.

Notes
Turn   | Place    | Note
-------+----------+-------------------------------------------
     0 | D:1      | tidbits the Draconian Monk began the quest for the Orb.
     0 | D:1      | Reached XP level 1. HP: 19/19 MP: 1/1
   185 | D:1      | Reached XP level 2. HP: 26/26 MP: 2/2
   351 | D:1      | Reached skill level 4 in Unarmed Combat
   506 | D:3      | Noticed p0werm0de's ghost (weakling DsFE)
   516 | D:4      | Reached XP level 3. HP: 20/31 MP: 3/3
   543 | D:5      | Entered Level 5 of the Dungeon
   566 | D:5      | Found Mujodig's Gadget Shoppe.
   569 | D:5      | Found a sparkling altar of Nemelex Xobeh.
   586 | D:5      | Reached XP level 4. HP: 25/38 MP: 4/4
   595 | D:5      | Reached skill level 5 in Unarmed Combat
   628 | D:6      | Noticed a phantom
   641 | D:6      | HP: 2/38 [phantom (3)]
   644 | D:6      | Slain by a phantom

Vault maps used:
D:1:      minmay_arrival_doors
D:2:      patterned_corridor
D:3:      nicolae_overflow_crystal_walls, first_bread, uniq_jessica
D:4:      lemuel_crystal_altar, nicolae_overflow_hidden_temple,
          fedhas_bush_and_centaur_altar, uniq_grinder, uniq_duvessa
D:5:      lemuel_ratsnest, serial_shops, shop,
          lightli_ossuary_entry_decrepit_ruins, st_stairs_7, minmay_holes,
          nemelex_xobeh_ov_fountains_minmay
D:6:      kennysheep_orc_sif_temple, gup_sewer_entry_bubbles, serial_shops,
          nicolae_shop_overgrown_old_shop, grunt_tough_drop, uniq_eustachio

Skill      XL: |  1  2  3  4 |
---------------+-------------+-----
Unarmed Combat | 4 5 |  5.0
Fighting       | |  3.2
Dodging        | |  2.6
Stealth        | |  1.7

Action                   |  1- 3 |  4- 6 || total
-------------------------+-------+-------++-------
Melee: Unarmed           |    85 |    22 ||   107
       Tailslap          |     8 |       ||     8
       Punch             |     1 |     2 ||     3
Throw: Stone             |       |     1 ||     1
  Use: Scroll            |       |     2 ||     2
 Stab: Sleeping          |     5 |       ||     5
Armor: Skin              |    19 |     3 ||    22
Dodge: Dodged            |    43 |    12 ||    55

Table legend:
 A = Spawn XP
 B = Non-spawn XP
 C = Spawn XP percentage of total XP
 D = Spawn monster count
 E = Non-spawn monster count
 F = Spawn count percentage of total count
 G = Total turns spent on level
                    A         B        C        D         E        F      G
               +---------+---------+-------+---------+---------+-------+---------
         Total |       0 |     114 |   0.0 |       0 |      27 |   0.0 |   644
               +---------+---------+-------+---------+---------+-------+---------
           D:1 |       0 |      27 |   0.0 |       0 |      17 |   0.0 |   321
           D:2 |       0 |       6 |   0.0 |       0 |       4 |   0.0 |   160
           D:4 |       0 |      44 |   0.0 |       0 |       2 |   0.0 |    52
           D:5 |       0 |      37 |   0.0 |       0 |       4 |   0.0 |    85
               +---------+---------+-------+---------+---------+-------+---------

Table legend:
 A = Turns spent in this place as a percentage of turns spent in the entire game.
 B = Non-inter-level travel turns spent in this place as a percentage of non-inter-level travel turns spent in the entire game.
 C = Inter-level travel turns spent in this place as a percentage of turns spent in this place.
 D = Turns resting spent in this place as a percentage of non-inter-level travel turns spent in this place.
 E = Turns spent auto-exploring this place as a percentage of non-inter-level travel turns spent in this place.
 F = Non-inter-level travel turns spent in this place divided by the number of levels of this place that you've seen.
                   A       B       C       D       E      F
               +-------+-------+-------+-------+-------+----------------------
         Total | 100.0 | 100.0 |  12.9 |   0.0 |   0.0 |  93.5
       Dungeon | 100.0 | 100.0 |  12.9 |   0.0 |   0.0 |  93.5
               +-------+-------+-------+-------+-------+----------------------

Table legend:
 A = Kills in this place as a percentage of kills in entire the game.
 B = Kills by you in this place as a percentage of kills by you in the entire game.
 C = Kills by friends in this place as a percentage of kills by friends in the entire game.
 D = Other kills in this place as a percentage of other kills in the entire game.
 E = Experience gained in this place as a percentage of experience gained in the entire game.
 F = Experience gained in this place divided by the number of levels of this place that you have seen.
                   A       B       C       D       E      F
               +-------+-------+-------+-------+-------+----------------------
         Total | 100.0 | 100.0 |   N/A |   N/A | 100.0 |  19.0
       Dungeon | 100.0 | 100.0 |   N/A |   N/A | 100.0 |  19.0
               +-------+-------+-------+-------+-------+----------------------

Vault maps used:
D:1:      minmay_arrival_doors
D:2:      patterned_corridor
D:3:      nicolae_overflow_crystal_walls, first_bread, uniq_jessica
D:4:      lemuel_crystal_altar, nicolae_overflow_hidden_temple,
          fedhas_bush_and_centaur_altar, uniq_grinder, uniq_duvessa
D:5:      lemuel_ratsnest, serial_shops, shop,
          lightli_ossuary_entry_decrepit_ruins, st_stairs_7, minmay_holes,
          nemelex_xobeh_ov_fountains_minmay
D:6:      kennysheep_orc_sif_temple, gup_sewer_entry_bubbles, serial_shops,
          nicolae_shop_overgrown_old_shop, grunt_tough_drop, uniq_eustachio
